[Event "EYCC Open-U10 2019"]
[Site "Bratislava"]
[Date "2019.08.08"]
[Round "7.28"]
[White "Villa Tornero, Alex"]
[Black "Bukvaj, Martin"]
[Result "1-0"]
[ECO "C22"]
[WhiteElo "1641"]
[BlackElo "1220"]
[Annotator "NA"]
[PlyCount "55"]
[EventDate "2019.08.02"]
[EventType "swiss"]
[EventCountry "SVK"]
[SourceTitle "playchess.com"]
[Source "ChessBase"]
[SourceQuality "1"]
[TimeControl "40/5400+30:1800+30"]

1. e4 e5 2. d4 exd4 3. Qxd4 Nc6 4. Qe3 d6 5. Nc3 Be7 6. Bd2 Nf6 7. O-O-O Be6 8. Qg3 g6 9. f4 Qd7 10. h3 O-O-O 11. Nf3 h5 12. Bb5 a6 13. Ba4 Qe8 14. Rhe1 Bd7 15. Be3 Na5 16. Bxd7+ Qxd7 17. Bg1 b5 18. Ng5 Rdf8 19. e5 h4 20. Qf2 Ne8 21. e6 fxe6 22. Nxe6 Rf6 23. Qa7 Qc6 24. Nd5 Rf7 25. Bb6 Nb7 26. Qa8+ Kd7 27. Nxe7 Rxe7 28. Nc5+ 1-0

[Event "EYCC Open-U10 2019"]
[Site "Bratislava"]
[Date "2019.08.08"]
[Round "7.29"]
[White "Misiuk, Martynas"]
[Black "Grabs, Peter"]
[Result "1-0"]
[ECO "C00"]
[WhiteElo "1304"]
[BlackElo "1638"]
[Annotator "NA"]
[PlyCount "61"]
[EventDate "2019.08.02"]
[EventType "swiss"]
[EventCountry "SVK"]
[SourceTitle "playchess.com"]
[Source "ChessBase"]
[SourceQuality "1"]
[TimeControl "40/5400+30:1800+30"]

1. e4 e6 2. d4 d5 3. Bd3 dxe4 4. Bxe4 Nf6 5. Bf3 c5 6. Ne2 cxd4 7. Qxd4 Qxd4 8. Nxd4 e5 9. Nb5 Kd8 10. N1c3 a6 11. Na3 Bxa3 12. bxa3 e4 13. Be2 Nc6 14. Bg5 Re8 15. O-O Bf5 16. Nd5 Re6 17. Rad1 Kc8 18. Nb6+ Kb8 19. Bf4+ Ka7 20. Nxa8 Kxa8 21. Rd6 Re8 22. Bxa6 Ne7 23. Bb5 Rc8 24. c4 Ng6 25. Be3 Ne5 26. Rfd1 Nxc4 27. Bxc4 Rxc4 28. Rd8+ Rc8 29. Rxc8+ Bxc8 30. Rd8 Kb8 31. Bf4+ 1-0

[Event "EYCC Open-U10 2019"]
[Site "Bratislava"]
[Date "2019.08.08"]
[Round "7.30"]
[White "Bartodziej, Bartosz"]
[Black "Pereverzev, Timofei"]
[Result "1-0"]
[ECO "B41"]
[WhiteElo "1526"]
[BlackElo "1332"]
[Annotator "NA"]
[PlyCount "59"]
[EventDate "2019.08.02"]
[EventType "swiss"]
[EventCountry "SVK"]
[SourceTitle "playchess.com"]
[Source "ChessBase"]
[SourceQuality "1"]
[TimeControl "40/5400+30:1800+30"]

1. e4 c5 2. Nf3 e6 3. d4 cxd4 4. Nxd4 a6 5. c4 Nf6 6. Nc3 Qc7 7. Be2 Bb4 8. O-O O-O 9. Qd3 Nc6 10. Nxc6 dxc6 11. Be3 Rd8 12. Qc2 Bxc3 13. bxc3 Qe5 14. Rad1 Re8 15. f3 b5 16. c5 Ra7 17. Rd6 Bb7 18. Rfd1 Raa8 19. Qc1 h6 20. R1d3 Rab8 21. Qd2 Kf8 22. Rd8 Rbxd8 23. Rxd8 Qc7 24. Rd6 Bc8 25. Bf4 e5 26. Bxh6 Nxe4 27. fxe4 gxh6 28. Qxh6+ Kg8 29. Qg5+ Kf8 30. Rh6 1-0

[Event "EYCC Open-U10 2019"]
[Site "Bratislava"]
[Date "2019.08.08"]
[Round "7.31"]
[White "Blumenthal, Michael"]
[Black "Khoo-Thwe, Louis"]
[Result "1-0"]
[ECO "C24"]
[WhiteElo "1311"]
[BlackElo "1746"]
[Annotator "NA"]
[PlyCount "31"]
[EventDate "2019.08.02"]
[EventType "swiss"]
[EventCountry "SVK"]
[SourceTitle "playchess.com"]
[Source "ChessBase"]
[SourceQuality "1"]
[TimeControl "40/5400+30:1800+30"]

1. e4 e5 2. Bc4 Nf6 3. d3 Bc5 4. Nc3 O-O 5. f4 d6 6. Nf3 Ng4 7. Ng5 h6 8. f5 Nf2 9. Qh5 Nxh1 10. Nxf7 Rxf7 11. Qxf7+ Kh8 12. f6 Bf2+ 13. Kf1 Ng3+ 14. hxg3 gxf6 15. Bxh6 Qe7 16. Qg8# 1-0

[Event "EYCC Open-U10 2019"]
[Site "Bratislava"]
[Date "2019.08.08"]
[Round "7.32"]
[White "Kisic, Jovan"]
[Black "Klaska, Philipp Leon"]
[Result "1-0"]
[ECO "D55"]
[WhiteElo "1757"]
[BlackElo "1441"]
[Annotator "NA"]
[PlyCount "131"]
[EventDate "2019.08.02"]
[EventType "swiss"]
[EventCountry "SVK"]
[SourceTitle "playchess.com"]
[Source "ChessBase"]
[SourceQuality "1"]
[TimeControl "40/5400+30:1800+30"]

1. d4 d5 2. c4 e6 3. Nc3 Nf6 4. Bg5 Be7 5. Nf3 O-O 6. e3 b6 7. Rc1 Bb7 8. Bxf6 Bxf6 9. cxd5 exd5 10. Bd3 Re8 11. O-O Nd7 12. Qc2 h6 13. Nb5 c6 14. Nd6 Qc7 15. Nxe8 Rxe8 16. b4 Qd6 17. Qa4 Qb8 18. b5 c5 19. Bf5 Bc8 20. Bxd7 Bxd7 21. dxc5 Re4 22. Qb3 Be6 23. Qd3 Bg4 24. Nd2 Ra4 25. Qxd5 Be6 26. Qd6 Qxd6 27. cxd6 Rxa2 28. Ne4 Bd8 29. d7 Kf8 30. Ra1 Ra5 31. Rxa5 bxa5 32. Rd1 Ke7 33. Nc5 Bc4 34. Rd4 Bxb5 35. Re4+ Kd6 36. Nb7+ Kc7 37. Nxa5 Kxd7 38. Rd4+ Kc8 39. Nb3 Bb6 40. Rb4 a6 41. Nd4 Bxd4 42. exd4 Kc7 43. f3 Kb6 44. Kf2 a5 45. Rb1 a4 46. Ke3 Ka5 47. Kd2 a3 48. Kc3 Ka4 49. d5 a2 50. Ra1 Ka3 51. d6 Bd7 52. Kc4 Kb2 53. Re1 a1=Q 54. Rxa1 Kxa1 55. Kc5 Kb2 56. Kb6 Kc3 57. Kc7 Be6 58. d7 Bxd7 59. Kxd7 Kd3 60. Ke7 f5 61. Kf7 h5 62. Kxg7 h4 63. Kg6 f4 64. Kg5 h3 65. gxh3 Ke3 66. Kg4 1-0

[Event "EYCC Open-U10 2019"]
[Site "Bratislava"]
[Date "2019.08.08"]
[Round "7.33"]
[White "Farias, David Nuno M E"]
[Black "Udipi, Kala Kishan"]
[Result "1/2-1/2"]
[ECO "B90"]
[WhiteElo "1372"]
[BlackElo "1732"]
[Annotator "NA"]
[PlyCount "99"]
[EventDate "2019.08.02"]
[EventType "swiss"]
[EventCountry "SVK"]
[SourceTitle "playchess.com"]
[Source "ChessBase"]
[SourceQuality "1"]
[TimeControl "40/5400+30:1800+30"]

1. e4 c5 2. Nf3 d6 3. d4 Nf6 4. Nc3 cxd4 5. Nxd4 a6 6. Be3 Ng4 7. Bc1 Nf6 8. Be3 e5 9. Nf3 Be6 10. Be2 Be7 11. O-O O-O 12. Qd2 b5 13. a3 Nbd7 14. Rad1 Nb6 15. b3 Rc8 16. Bd3 Bg4 17. h3 Bxf3 18. gxf3 Nbd7 19. Ne2 Nc5 20. Ng3 g6 21. Bh6 Re8 22. Kh2 Kh8 23. Rg1 Rg8 24. Rg2 Ne6 25. Rdg1 Bf8 26. Be3 Bg7 27. c4 Qd7 28. cxb5 axb5 29. Ra1 Ra8 30. Ne2 Rgb8 31. Bc2 Nh5 32. Ra2 Qc7 33. a4 b4 34. Bd3 d5 35. Rc2 Qd6 36. Qc1 d4 37. Bd2 Qe7 38. Ra2 Qf6 39. f4 exf4 40. f3 h6 41. Qe1 Ng5 42. Ng1 Qd6 43. h4 Ne6 44. Nh3 Be5 45. Rc2 Ra7 46. Qc1 Rc7 47. Rxc7 Qxc7 48. Qxc7 Bxc7 49. Rg1 Nc5 50. Bc4 1/2-1/2

[Event "EYCC Open-U10 2019"]
[Site "Bratislava"]
[Date "2019.08.08"]
[Round "7.34"]
[White "Jaakkola, Niklas"]
[Black "Stary, Vojtech"]
[Result "1-0"]
[ECO "C79"]
[WhiteElo "1587"]
[BlackElo "1334"]
[Annotator "NA"]
[PlyCount "45"]
[EventDate "2019.08.02"]
[EventType "swiss"]
[EventCountry "SVK"]
[SourceTitle "playchess.com"]
[Source "ChessBase"]
[SourceQuality "1"]
[TimeControl "40/5400+30:1800+30"]

1. e4 e5 2. Nf3 Nc6 3. Bb5 a6 4. Ba4 Nf6 5. O-O d6 6. d4 exd4 7. Nxd4 Bd7 8. Bxc6 bxc6 9. Nc3 g6 10. Bg5 Bg7 11. f4 O-O 12. e5 d5 13. Bxf6 Bxf6 14. exf6 Qxf6 15. f5 Qd8 16. f6 c5 17. Nb3 c4 18. Nc5 c6 19. Qd2 Kh8 20. Nxd7 Qxd7 21. Qh6 Rg8 22. Rf3 Qa7+ 23. Kh1 1-0

[Event "EYCC Open-U10 2019"]
[Site "Bratislava"]
[Date "2019.08.08"]
[Round "7.35"]
[White "Govoreanu, Matei"]
[Black "Torosyan, Bagrat"]
[Result "1-0"]
[ECO "B22"]
[WhiteElo "1241"]
[BlackElo "1586"]
[Annotator "NA"]
[PlyCount "149"]
[EventDate "2019.08.02"]
[EventType "swiss"]
[EventCountry "SVK"]
[SourceTitle "playchess.com"]
[Source "ChessBase"]
[SourceQuality "1"]
[TimeControl "40/5400+30:1800+30"]

1. e4 c5 2. c3 d5 3. exd5 Qxd5 4. d4 Nf6 5. Nf3 cxd4 6. cxd4 e6 7. a3 b6 8. Nc3 Qd8 9. Bb5+ Bd7 10. Bxd7+ Qxd7 11. Ne5 Qb7 12. O-O Bd6 13. Qa4+ Nbd7 14. Nb5 Be7 15. Nxd7 Nxd7 16. Bf4 O-O 17. Rac1 a6 18. Nd6 Bxd6 19. Bxd6 Rfc8 20. Qb3 Nf6 21. h3 h6 22. Qe3 Nd5 23. Qd2 Rd8 24. Be5 Rd7 25. Rfd1 Rad8 26. Qe2 Ne7 27. Rc2 Nd5 28. Qg4 f5 29. Qg6 Re7 30. Rdc1 Qd7 31. Rc6 Qe8 32. Rxe6 Qxg6 33. Rxg6 Rxe5 34. dxe5 Nf4 35. Rd6 Rxd6 36. exd6 Kf7 37. Rd1 Ke8 38. d7+ Kd8 39. Rd6 b5 40. Kf1 Nh5 41. Ke2 Nf6 42. Kd3 Nxd7 43. Kd4 a5 44. Kd5 Kc7 45. Rc6+ Kb7 46. Rg6 Nf6+ 47. Kc5 Ne4+ 48. Kxb5 Nxf2 49. Rxg7+ Kc8 50. Kc6 Kd8 51. Rf7 Ke8 52. Rxf5 Nd3 53. b3 Nc1 54. b4 axb4 55. axb4 Nb3 56. Re5+ Kd8 57. b5 Na5+ 58. Kd5 Kd7 59. Re6 h5 60. Rh6 Nb3 61. b6 Na5 62. Rh7+ Kc8 63. Kd6 Kb8 64. g4 hxg4 65. hxg4 Nc4+ 66. Kc5 Nxb6 67. Kxb6 Kc8 68. g5 Kd8 69. Kc6 Ke8 70. Ra7 Kf8 71. Kd6 Kg8 72. Ke6 Kh8 73. Kf6 Kg8 74. g6 Kh8 75. Ra8# 1-0

[Event "EYCC Open-U10 2019"]
[Site "Bratislava"]
[Date "2019.08.08"]
[Round "7.36"]
[White "Sarafis, Rafail"]
[Black "Perossa, Nicolas"]
[Result "0-1"]
[ECO "E00"]
[WhiteElo "1094"]
[BlackElo "1661"]
[Annotator "NA"]
[PlyCount "120"]
[EventDate "2019.08.02"]
[EventType "swiss"]
[EventCountry "SVK"]
[SourceTitle "playchess.com"]
[Source "ChessBase"]
[SourceQuality "1"]
[TimeControl "40/5400+30:1800+30"]

1. d4 e6 2. c4 Nf6 3. Nc3 d5 4. a3 Be7 5. Nf3 O-O 6. Bg5 Nbd7 7. e3 b6 8. Qc2 Bb7 9. O-O-O c6 10. Bd3 h6 11. Bh4 Rc8 12. Kb1 c5 13. cxd5 Nxd5 14. Bxe7 Qxe7 15. e4 cxd4 16. exd5 dxc3 17. d6 Qf6 18. Nd4 cxb2 19. Qxb2 Ne5 20. Bb5 Rfd8 21. Nb3 Bd5 22. Rc1 Rxc1+ 23. Rxc1 Rxd6 24. f3 Qf5+ 25. Ka1 Ng6 26. Nd4 Qf6 27. Rc8+ Kh7 28. Rc7 a5 29. Qc3 Ne7 30. Kb2 g6 31. Be8 Rd8 32. Bb5 Rf8 33. a4 Kg7 34. Nxe6+ Bxe6 35. Rxe7 Qxc3+ 36. Kxc3 Rc8+ 37. Kd2 Bc4 38. Rb7 Bxb5 39. axb5 Rd8+ 40. Kc2 Rd6 41. Kc3 Kf6 42. g3 Ke6 43. f4 f6 44. g4 h5 45. h3 hxg4 46. hxg4 g5 47. f5+ Ke5 48. Rc7 Rd5 49. Re7+ Kf4 50. Re6 Rxb5 51. Rxf6 Kxg4 52. Kc4 Rc5+ 53. Kb3 b5 54. Ra6 a4+ 55. Rxa4+ bxa4+ 56. Kxa4 Kxf5 57. Kb4 Rc8 58. Kb5 Ke5 59. Kb6 Kd5 60. Ka7 Ke5 0-1

[Event "EYCC Open-U10 2019"]
[Site "Bratislava"]
[Date "2019.08.08"]
[Round "7.37"]
[White "Hasanli, Ziya"]
[Black "Butolo, Alexandru-Mircea"]
[Result "0-1"]
[ECO "D81"]
[WhiteElo "1315"]
[BlackElo "1593"]
[Annotator "NA"]
[PlyCount "114"]
[EventDate "2019.08.02"]
[EventType "swiss"]
[EventCountry "SVK"]
[SourceTitle "playchess.com"]
[Source "ChessBase"]
[SourceQuality "1"]
[TimeControl "40/5400+30:1800+30"]

1. d4 Nf6 2. c4 g6 3. Nc3 d5 4. Qb3 c6 5. e3 Bg7 6. Nf3 O-O 7. a4 e6 8. Bd3 Nbd7 9. O-O Qc7 10. cxd5 exd5 11. Bd2 Re8 12. Rac1 Qd8 13. Ne1 Nb6 14. f3 Be6 15. Ne2 Bf5 16. Bxf5 gxf5 17. Ng3 Nc4 18. Qc2 f4 19. exf4 Qb6 20. Nf5 Re2 21. Rd1 Qxb2 22. Qxb2 Nxb2 23. Ng3 Re6 24. Rb1 Nc4 25. Bc1 b6 26. Nd3 Nd7 27. Ne5 Bxe5 28. fxe5 c5 29. dxc5 Nxc5 30. f4 Nxa4 31. Nh5 Rd8 32. Rb3 Nc5 33. Rh3 Ne4 34. Nf6+ Nxf6 35. exf6 Rxf6 36. f5 d4 37. Bg5 Rfd6 38. Rg3 Kf8 39. f6 Re6 40. Bh6+ Ke8 41. Rg8+ Kd7 42. Rg7 Nd6 43. g4 Re4 44. h4 Ke6 45. h5 d3 46. g5 Rh8 47. Rd1 Rd4 48. Kf2 Rd5 49. Re1+ Re5 50. Rxe5+ Kxe5 51. Ke3 Ke6 52. Kxd3 Nf5 53. Kc4 Nxg7 54. Bxg7 Rg8 55. g6 fxg6 56. hxg6 hxg6 57. Kb5 Kf7 0-1

[Event "EYCC Open-U10 2019"]
[Site "Bratislava"]
[Date "2019.08.08"]
[Round "7.38"]
[White "Tran, Sixten"]
[Black "Sava, Robert-Gabriel"]
[Result "0-1"]
[ECO "B06"]
[WhiteElo "1516"]
[BlackElo "1292"]
[Annotator "NA"]
[PlyCount "58"]
[EventDate "2019.08.02"]
[EventType "swiss"]
[EventCountry "SVK"]
[SourceTitle "playchess.com"]
[Source "ChessBase"]
[SourceQuality "1"]
[TimeControl "40/5400+30:1800+30"]

1. e4 g6 2. d4 Bg7 3. Nf3 d6 4. Bc4 a6 5. O-O b5 6. Bd5 c6 7. Bb3 e6 8. d5 cxd5 9. exd5 e5 10. Re1 Ne7 11. Nc3 O-O 12. Bg5 h6 13. Be3 f5 14. a4 b4 15. Na2 f4 16. Bc1 a5 17. c3 bxc3 18. Nxc3 g5 19. Ne4 Bf5 20. Bc2 Na6 21. h3 Nb4 22. Bb3 Kh8 23. Nh2 Bg6 24. Nc3 Nf5 25. Nb5 Qd7 26. Qg4 Bf6 27. Bd2 Na6 28. Bxa5 Nc5 29. Bb4 Nxb3 0-1

[Event "EYCC Open-U10 2019"]
[Site "Bratislava"]
[Date "2019.08.08"]
[Round "7.39"]
[White "Paholok, Adam"]
[Black "Mehtizada, Murad"]
[Result "0-1"]
[ECO "D24"]
[WhiteElo "1296"]
[BlackElo "1516"]
[Annotator "NA"]
[PlyCount "40"]
[EventDate "2019.08.02"]
[EventType "swiss"]
[EventCountry "SVK"]
[SourceTitle "playchess.com"]
[Source "ChessBase"]
[SourceQuality "1"]
[TimeControl "40/5400+30:1800+30"]

1. d4 d5 2. c4 dxc4 3. Nf3 Nf6 4. Nc3 e6 5. e4 c5 6. Bxc4 a6 7. Bg5 Be7 8. O-O O-O 9. Qc2 b5 10. Be2 Bb7 11. Rad1 Qc7 12. e5 Ne8 13. h4 Nc6 14. h5 cxd4 15. Ne4 h6 16. Bxe7 Qxe7 17. Nxd4 Nxe5 18. f4 Rc8 19. Qb1 Nc4 20. b3 Ne3 0-1

[Event "EYCC Open-U10 2019"]
[Site "Bratislava"]
[Date "2019.08.08"]
[Round "7.40"]
[White "Tolmacevs, Artjoms"]
[Black "Georgiadis, Anastasios"]
[Result "1/2-1/2"]
[ECO "C11"]
[WhiteElo "1583"]
[BlackElo "1391"]
[Annotator "NA"]
[PlyCount "112"]
[EventDate "2019.08.02"]
[EventType "swiss"]
[EventCountry "SVK"]
[SourceTitle "playchess.com"]
[Source "ChessBase"]
[SourceQuality "1"]
[TimeControl "40/5400+30:1800+30"]

1. e4 e6 2. d4 d5 3. Nc3 Nf6 4. e5 Nfd7 5. f4 c5 6. Nf3 Nc6 7. Be3 cxd4 8. Nxd4 Bc5 9. Nxc6 bxc6 10. Bxc5 Nxc5 11. b4 Nd7 12. Bd3 Qb6 13. a3 Qe3+ 14. Ne2 c5 15. c4 dxc4 16. Bxc4 O-O 17. Bb5 Nb6 18. Bc6 Rb8 19. Rf1 Nd5 20. Rf3 Qe4 21. bxc5 Ba6 22. Bxd5 exd5 23. Qd2 Bxe2 24. Qxe2 Qd4 25. Rc1 Rb2 26. Qe3 Qxe3+ 27. Rxe3 Rxg2 28. Re2 Rg1+ 29. Kd2 Rxc1 30. Kxc1 Rc8 31. Rc2 Kf8 32. Kd2 Ke7 33. Kd3 Ke6 34. Kd4 Rc6 35. Rb2 Ra6 36. f5+ Kxf5 37. Kxd5 Rxa3 38. Rf2+ Kg6 39. c6 Rd3+ 40. Kc5 Rc3+ 41. Kd6 Rd3+ 42. Kc7 Re3 43. Rc2 Rxe5 44. Kb8 f5 45. c7 Re8+ 46. Kxa7 h5 47. Rg2+ Kf6 48. Kb7 g5 49. Re2 Rg8 50. Kc6 f4 51. Kd6 Kf5 52. Kd7 f3 53. Re8 Rg7+ 54. Re7 Rg8 55. Re8 Rg7+ 56. Re7 Rg8 1/2-1/2

[Event "EYCC Open-U10 2019"]
[Site "Bratislava"]
[Date "2019.08.08"]
[Round "7.41"]
[White "Morozov, Saveliy"]
[Black "Ahmadzada, Huseyn"]
[Result "1/2-1/2"]
[ECO "B17"]
[WhiteElo "1278"]
[BlackElo "1497"]
[Annotator "NA"]
[PlyCount "130"]
[EventDate "2019.08.02"]
[EventType "swiss"]
[EventCountry "SVK"]
[SourceTitle "playchess.com"]
[Source "ChessBase"]
[SourceQuality "1"]
[TimeControl "40/5400+30:1800+30"]

1. e4 c6 2. d4 d5 3. Nd2 dxe4 4. Nxe4 Nd7 5. Nf3 Ngf6 6. Nxf6+ Nxf6 7. h3 e6 8. c3 Bd6 9. Bd3 O-O 10. Bg5 h6 11. Bxf6 Qxf6 12. O-O b6 13. Re1 Bb7 14. Be4 Rfd8 15. Qc2 Rac8 16. Rad1 Rc7 17. Rd2 Rcd7 18. Red1 Bb8 19. b3 Qe7 20. Re2 Rd6 21. Rdd2 Qc7 22. Ne5 c5 23. Bxb7 Qxb7 24. Nc4 Rd5 25. dxc5 Qc7 26. g3 Qxc5 27. Rxd5 Rxd5 28. Ne3 Rd6 29. Nf5 Qxf5 30. Qxf5 exf5 31. Re8+ Kh7 32. Rxb8 Rd1+ 33. Kg2 Ra1 34. a4 Ra3 35. Rb7 Rxb3 36. Rxa7 Rxc3 37. Rb7 Ra3 38. Rxb6 Rxa4 39. Rb7 Kg6 40. Rb6+ f6 41. Rb7 h5 42. Rb3 f4 43. Rf3 fxg3 44. Rxg3+ Kh6 45. Rf3 h4 46. Rb3 g5 47. Rb6 Kg6 48. Rb8 Re4 49. Rc8 Kf5 50. Rc5+ Kf4 51. Rc6 f5 52. Rg6 Re5 53. Rh6 Rd5 54. Rf6 Rd7 55. Rh6 Rg7 56. Rh8 Rg6 57. Rh7 Ke5 58. Rh8 Rd6 59. Rh5 Kf4 60. Rh8 Rd3 61. Rh6 g4 62. Rxh4 Rxh3 63. Rxh3 gxh3+ 64. Kxh3 Kf3 65. Kh4 Ke4 1/2-1/2

[Event "EYCC Open-U10 2019"]
[Site "Bratislava"]
[Date "2019.08.08"]
[Round "7.42"]
[White "Dimitrov, Martin"]
[Black "Derbenev, Arseniy"]
[Result "1-0"]
[ECO "C00"]
[WhiteElo "1473"]
[BlackElo "1219"]
[Annotator "NA"]
[PlyCount "77"]
[EventDate "2019.08.02"]
[EventType "swiss"]
[EventCountry "SVK"]
[SourceTitle "playchess.com"]
[Source "ChessBase"]
[SourceQuality "1"]
[TimeControl "40/5400+30:1800+30"]

1. e4 e6 2. b3 d5 3. Bb2 dxe4 4. Nc3 Nf6 5. Qe2 Be7 6. Nxe4 Nc6 7. O-O-O O-O 8. Nf3 a5 9. a4 b6 10. Nc3 Ba6 11. Qe1 Bb7 12. Bc4 Nd5 13. d4 Ncb4 14. Nxd5 exd5 15. Be2 Re8 16. Qd2 c5 17. Bb5 Rf8 18. h4 cxd4 19. Nxd4 Rc8 20. Kb1 Bf6 21. Rc1 Na6 22. g4 Nc7 23. Bd3 Ne6 24. Bf5 Qd6 25. Nb5 Qe7 26. Ba3 Nc5 27. Bxc8 Rxc8 28. Rce1 Ne4 29. Bxe7 Nxd2+ 30. Kc1 Nxb3+ 31. Kd1 d4 32. Rh3 Na1 33. Nd6 Rc7 34. Bd8 Re7 35. Bxe7 Bxe7 36. Rxe7 Bc6 37. Rc7 Bxa4 38. Rc8+ Be8 39. Rxe8# 1-0

[Event "EYCC Open-U10 2019"]
[Site "Bratislava"]
[Date "2019.08.08"]
[Round "7.43"]
[White "Faivishevsky, Noam"]
[Black "Dotzer, Lukas"]
[Result "0-1"]
[ECO "C77"]
[WhiteElo "1401"]
[BlackElo "1070"]
[Annotator "NA"]
[PlyCount "74"]
[EventDate "2019.08.02"]
[EventType "swiss"]
[EventCountry "SVK"]
[SourceTitle "playchess.com"]
[Source "ChessBase"]
[SourceQuality "1"]
[TimeControl "40/5400+30:1800+30"]

1. e4 e5 2. Nf3 Nc6 3. Bb5 a6 4. Ba4 Nf6 5. d3 Be7 6. O-O b5 7. Bb3 O-O 8. Nbd2 d6 9. c3 Na5 10. Bc2 c5 11. d4 Nc6 12. dxc5 dxc5 13. Re1 h6 14. a4 Be6 15. Nf1 Qc7 16. Be3 Rfd8 17. Qc1 c4 18. a5 Nd7 19. Ra2 Nc5 20. Ng3 Nxa5 21. Rxa5 Qxa5 22. Nxe5 Qc7 23. h3 Nd3 24. Bxd3 cxd3 25. f4 Bc5 26. Rd1 d2 27. Qc2 Bxe3+ 28. Kh1 Bxf4 29. Nh5 Qxe5 30. g4 Bc4 31. g5 Bd3 32. Nxf4 Bxc2 33. g6 Qxf4 34. gxf7+ Kf8 35. h4 Bxe4+ 36. Kg1 Qg3+ 37. Kf1 Qg2# 0-1

[Event "EYCC Open-U10 2019"]
[Site "Bratislava"]
[Date "2019.08.08"]
[Round "7.44"]
[White "Cruceru-Uceanu, Tudor-Mihai"]
[Black "Jalovec, Igor"]
[Result "1-0"]
[ECO "C95"]
[WhiteElo "1234"]
[BlackElo "1465"]
[Annotator "NA"]
[PlyCount "93"]
[EventDate "2019.08.02"]
[EventType "swiss"]
[EventCountry "SVK"]
[SourceTitle "playchess.com"]
[Source "ChessBase"]
[SourceQuality "1"]
[TimeControl "40/5400+30:1800+30"]

1. e4 e5 2. Nf3 Nc6 3. Bb5 a6 4. Ba4 Nf6 5. O-O Be7 6. Re1 b5 7. Bb3 d6 8. c3 O-O 9. h3 Nb8 10. d4 Nbd7 11. Nbd2 Bb7 12. Bc2 Re8 13. Nf1 Bf8 14. dxe5 Nxe5 15. Nxe5 dxe5 16. f3 h6 17. Be3 Bd6 18. Ng3 Bc8 19. Qe2 Be6 20. Bb3 Qe7 21. Bxe6 fxe6 22. Rac1 c5 23. Red1 Red8 24. c4 b4 25. b3 Qf7 26. Qf2 Rac8 27. Rd2 Nh5 28. Rcd1 Rc6 29. Nxh5 Qxh5 30. Kh2 Kh7 31. Rd3 Qf7 32. Qd2 Qc7 33. g3 Qb6 34. f4 exf4 35. gxf4 e5 36. f5 Qc7 37. Qg2 Rf8 38. Qg6+ Kh8 39. Rxd6 Rxd6 40. Qxd6 Qf7 41. Bxc5 Re8 42. Qg6 Qg8 43. f6 gxf6 44. Qxh6+ Qh7 45. Qxf6+ Qg7 46. Qxg7+ Kxg7 47. Bxb4 1-0

[Event "EYCC Open-U10 2019"]
[Site "Bratislava"]
[Date "2019.08.08"]
[Round "7.45"]
[White "Rabinovich, Yoav"]
[Black "Haubold, Christian Lucas"]
[Result "1/2-1/2"]
[ECO "A46"]
[WhiteElo "1193"]
[BlackElo "1429"]
[Annotator "NA"]
[PlyCount "95"]
[EventDate "2019.08.02"]
[EventType "swiss"]
[EventCountry "SVK"]
[SourceTitle "playchess.com"]
[Source "ChessBase"]
[SourceQuality "1"]
[TimeControl "40/5400+30:1800+30"]

1. d4 Nf6 2. Nf3 e6 3. Bf4 c5 4. e3 Nc6 5. Nbd2 cxd4 6. exd4 b6 7. Nc4 d6 8. c3 Bb7 9. Bd3 Be7 10. O-O O-O 11. Qc2 h6 12. Rfe1 Rc8 13. a4 Nb4 14. cxb4 Bxf3 15. gxf3 d5 16. Qb3 dxc4 17. Bxc4 Qxd4 18. Bxe6 Bxb4 19. Be5 Qh4 20. Bg3 Qg5 21. f4 Qa5 22. Re5 Rc5 23. Bf5 Nd5 24. Rd1 Nxf4 25. Bxf4 Rxe5 26. Bxe5 Qxe5 27. Rd5 Qe1+ 28. Kg2 Bc5 29. Qf3 Qb4 30. b3 Qh4 31. Rd7 a5 32. Bd3 Qg5+ 33. Kf1 h5 34. Rd5 Qg4 35. Qxg4 hxg4 36. Rg5 Rd8 37. Be2 Rd4 38. Rxg4 Rxg4 39. Bxg4 Kf8 40. Be2 Ke7 41. Bc4 f5 42. f3 g5 43. h3 Kd6 44. Kg2 f4 45. Bf7 Ke5 46. Bg8 Be3 47. Bf7 Kd4 48. Be6 1/2-1/2

[Event "EYCC Open-U10 2019"]
[Site "Bratislava"]
[Date "2019.08.08"]
[Round "7.46"]
[White "Romanov, Vladislav O."]
[Black "Ribstein, Orel"]
[Result "1-0"]
[ECO "A10"]
[WhiteElo "1099"]
[BlackElo "1662"]
[Annotator "NA"]
[PlyCount "94"]
[EventDate "2019.08.02"]
[EventType "swiss"]
[EventCountry "SVK"]
[SourceTitle "playchess.com"]
[Source "ChessBase"]
[SourceQuality "1"]
[TimeControl "40/5400+30:1800+30"]

1. c4 g6 2. Nc3 Bg7 3. g3 d6 4. Bg2 e5 5. e3 f5 6. Nge2 Nf6 7. d3 O-O 8. O-O c6 9. Rb1 Be6 10. b4 Nbd7 11. b5 Qc7 12. a4 Rac8 13. Ba3 Rfd8 14. Qc2 d5 15. cxd5 cxd5 16. Qb3 Nc5 17. Bxc5 Qxc5 18. Rfc1 Qd6 19. Qb2 Nd7 20. Qd2 Nc5 21. d4 Ne4 22. Qd1 Nxc3 23. Nxc3 e4 24. Qb3 g5 25. Ne2 Bh6 26. b6 a6 27. Qb2 Kh8 28. Nc3 f4 29. a5 fxe3 30. fxe3 g4 31. Qe2 Bg5 32. Na4 Rf8 33. Rxc8 Bxc8 34. Nc5 h5 35. Rf1 Rf3 36. Bxf3 gxf3 37. Qf2 Qh6 38. Re1 Qg7 39. Rc1 Bh3 40. Nb3 Qh6 41. Rc3 h4 42. Qd2 Qh5 43. Qf2 hxg3 44. hxg3 Bg2 45. Qe1 Qh1+ 46. Kf2 Qh2 47. Qg1 Qh7 1-0

[Event "EYCC Open-U10 2019"]
[Site "Bratislava"]
[Date "2019.08.08"]
[Round "7.47"]
[White "Tushishvili, Tamaz"]
[Black "Biyiksiz, Ali Batuhan"]
[Result "1-0"]
[ECO "A22"]
[WhiteElo "1323"]
[BlackElo "1378"]
[Annotator "NA"]
[PlyCount "103"]
[EventDate "2019.08.02"]
[EventType "swiss"]
[EventCountry "SVK"]
[SourceTitle "playchess.com"]
[Source "ChessBase"]
[SourceQuality "1"]
[TimeControl "40/5400+30:1800+30"]

1. c4 e5 2. Nc3 Nf6 3. g3 Nc6 4. Bg2 g6 5. d3 Bg7 6. e3 d6 7. Nge2 O-O 8. O-O Nd7 9. Rb1 Ne7 10. b4 c6 11. b5 Qc7 12. bxc6 bxc6 13. Ba3 Rb8 14. Qc2 Bb7 15. d4 Rfe8 16. Rfd1 d5 17. cxd5 cxd5 18. dxe5 Nxe5 19. Bxe7 Rxe7 20. Bxd5 Bxd5 21. Rxb8+ Qxb8 22. Nxd5 Re8 23. e4 Qb7 24. Qb3 Qc8 25. Kg2 Qb8 26. f4 Nc6 27. e5 Qxb3 28. axb3 f6 29. exf6 Rxe2+ 30. Kf3 Rb2 31. fxg7 Rxb3+ 32. Kg4 Kxg7 33. Nc7 Rb7 34. Rd7+ Kg8 35. Kg5 Nd4 36. Rxd4 Rxc7 37. Kh6 Rf7 38. g4 Rf8 39. g5 a5 40. h4 Rf5 41. Rd8+ Rf8 42. Rxf8+ Kxf8 43. Kxh7 a4 44. f5 a3 45. fxg6 a2 46. g7+ Ke7 47. g8=Q a1=Q 48. Qg7+ Qxg7+ 49. Kxg7 Ke6 50. h5 Kf5 51. g6 Kg5 52. h6 1-0

[Event "EYCC Open-U10 2019"]
[Site "Bratislava"]
[Date "2019.08.08"]
[Round "7.48"]
[White "Arora, Abhiraaj"]
[Black "Tichy, Tomas"]
[Result "1-0"]
[ECO "B27"]
[WhiteElo "1463"]
[BlackElo "1810"]
[Annotator "NA"]
[PlyCount "75"]
[EventDate "2019.08.02"]
[EventType "swiss"]
[EventCountry "SVK"]
[SourceTitle "playchess.com"]
[Source "ChessBase"]
[SourceQuality "1"]
[TimeControl "40/5400+30:1800+30"]

1. e4 c5 2. Nf3 g6 3. d4 cxd4 4. Qxd4 Nf6 5. e5 Nc6 6. Qa4 Ng8 7. Nc3 Bg7 8. Bf4 f6 9. Qe4 fxe5 10. Nxe5 Nf6 11. Qe3 O-O 12. Nxc6 bxc6 13. O-O-O d5 14. f3 Bd7 15. Ne2 e6 16. g4 Qc8 17. h4 Qb7 18. Be5 Qc8 19. h5 Be8 20. hxg6 hxg6 21. Bg2 Rf7 22. Bf4 a5 23. Bh6 a4 24. a3 Rb8 25. Qc3 Ne4 26. Qd3 Bxb2+ 27. Kb1 Bg7+ 28. Kc1 Nf2 29. Qxg6 Nxd1 30. Kxd1 Rb1+ 31. Nc1 Re7 32. Qg5 Qd7 33. f4 Kf8 34. f5 exf5 35. gxf5 Bxh6 36. Qxh6+ Kf7 37. Qg6+ Kf8 38. Rh8# 1-0